AoeStats
← Jason64057

Arena

505823988Analyzed
2v2 RM · 22d ago on Sep 11, 2026· 20m 3s· 4 players
Game mode
Random Map
Map size
Medium (4 player)
Population
200
Speed
Normal
Resources
Standard
Victory
Conquest
Starting age
Dark Age
Ending age
Imperial Age
RankedLock teamsTeams togetherTeam positionsShared explorationLock speedFull tech treeHidden civsTurbo modeCheats
Victory
Defeat
🇨🇱 Goths · Chile
1026
+14
🇨🇱 Aztecs · Chile
1004
+14
🇩🇪 Mapuche · Germany
979
-14
🇨🇳 Poles · China
967
-14
moschehm
11:16 Feudal Age
11:58 Double-Bit Axe
11:54 Horse Collar
12:56 Wheelbarrow
18:55 Castle Age
Jason64057
11:32 Feudal Age
12:44 Double-Bit Axe
15:49 Castle Age
15:30 Horse Collar
felipe2204
11:03 Feudal Age
18:35 Castle Age
18:02 Forging
18:00 Double-Bit Axe
19:52 Squires
F.Jeriax
13:07 Feudal Age
16:56 Castle Age
18:47 Loom
Connection lost

Rejoining the realm…

Still unreachable

The connection could not be restored.

Session expired

The server has moved on; the page needs a fresh start.